 Dungeon Crawl Stone Soup version 0.19.5 (webtiles) character file.

19779 eeldvark the Severer (level 12, -6/105 HPs)
             Began as a Mottled Draconian Wanderer on Apr 30, 2017.
             Was a High Priest of Nemelex Xobeh.
             Mangled by Rupert
             ... wielding a +0 battleaxe of chopping
              (8 damage)
             ... on level 12 of the Dungeon.
             The game lasted 01:40:17 (13645 turns).

eeldvark the Severer (Mottled Draconian Wanderer)  Turns: 13645, Time: 01:40:18

Health: -6/105     AC: 13    Str: 24    XL:     12   Next: 39%
Magic:  19/19      EV: 11    Int: 12    God:    Nemelex Xobeh [*****.]
Gold:   964        SH:  5    Dex: 15    Spells: 0 memorised, 11 levels left

rFire  . . .     SeeInvis .     a - +3 war axe (venom)
rCold  . . .     Gourm    +     (armour unavailable)
rNeg   . . .     Faith    .     c - +0 buckler
rPois  .         Spirit   .     (helmet restricted)
rElec  .         Reflect  .     O - +1 cloak
rCorr  .         Harm     .     H - +0 pair of fencer's gloves {+Riposte Dex+3}
MR     .....                    L - +1 pair of boots
Stlth  +++.......               g - amulet of the gourmand
                                o - ring of stealth
                                n - +6 ring of slaying

@: mighty
A: breathe sticky flame splash, unfitting armour, cold-blooded, AC +8
a: Breathe Sticky Flame, Triple Draw, Deal Four, Stack Five, Renounce Religion


You were on level 12 of the Dungeon.
You worshipped Nemelex Xobeh.
Nemelex Xobeh was extremely pleased with you.
You were full.

You visited 3 branches of the dungeon, and saw 15 of its levels.
You also visited: Sewer.

You collected 964 gold pieces.

Inventory:

Hand Weapons
 a - a +3 war axe of venom (weapon)
 q - the +7 trident of Symmetry {freeze, Int+2}
   (You found it on level 2 of the Lair of Beasts)

   It has been specially enchanted to freeze those struck by it, causing extra
   injury to most foes and up to half again as much damage against particularly
   susceptible opponents.
   It can also slow down cold-blooded creatures.
   It affects your intelligence (+2).
 t - a +1 battleaxe
 S - a +2 hand axe
 X - a +1 hand axe of flaming
Missiles
 G - 2 throwing nets (quivered)
Armour
 c - a +0 buckler (worn)
 H - the +0 pair of fencer's gloves (worn) {+Riposte Dex+3}
   (You found it on level 5 of the Dungeon)

   It affects your dexterity (+3).
 L - a +1 pair of boots (worn)
 N - the +1 pair of gloves of Spring {rC++ Regen+ Str-3 SInv}
   (You found it on level 6 of the Dungeon)

   It affects your strength (-3).
   It greatly protects you from cold.
   It lets you see invisible.
   It increases your rate of regeneration.
 O - a +1 cloak (worn)
Jewellery
 g - an amulet of the gourmand (around neck)
 n - a +6 ring of slaying (left hand)
 o - a ring of stealth (right hand)
 C - an uncursed ring of protection from fire {unknown}
 Q - a +2 ring of intelligence
Wands
 l - a wand of flame (44/48)
 m - a wand of disintegration (16/24)
 u - a wand of lightning (5/15)
 M - a wand of random effects (38/48)
 U - a wand of teleportation (3/9)
 V - a wand of confusion (16/48)
 Y - a wand of slowing (31/48)
Scrolls
 e - 2 scrolls of enchant weapon
 j - a scroll of fear {unknown}
 p - 4 scrolls of teleportation
 s - 8 scrolls of remove curse
 y - a scroll of magic mapping
 B - a scroll of summoning {unknown}
Potions
 b - 11 potions of curing
 f - 4 potions of flight
 i - 6 potions of brilliance
 r - 2 potions of resistance
 A - 3 potions of might
 D - 5 potions of agility
 F - 2 potions of heal wounds
 K - a potion of invisibility
 T - a potion of magic
Books
 v - a book of Battle

   Spells                             Type                      Level
   a - Infusion                       Charms                       1
   b - Shroud of Golubria             Charms/Translocation         2
   c - Song of Slaying                Charms                       2
   d - Spectral Weapon                Hexes/Charms                 3
   e - Regeneration                   Charms/Necromancy            3
 w - a book of Power

   Spells                             Type                      Level
   a - Fulminant Prism                Conjuration/Hexes            4
   b - Iskenderun's Mystic Blast      Conjuration                  4
   c - Venom Bolt                     Conjuration/Poison           5
   d - Bolt of Magma                  Conjuration/Fire/Earth       5
   e - Iron Shot                      Conjuration/Earth            6
   f - Orb of Destruction             Conjuration                  7
   g - Spellforged Servitor           Conjuration/Summoning        7
 I - a book of Necromancy

   Spells                             Type                      Level
   a - Pain                           Necromancy                   1
   b - Animate Skeleton               Necromancy                   1
   c - Vampiric Draining              Necromancy                   3
   d - Regeneration                   Charms/Necromancy            3
   e - Animate Dead                   Necromancy                   4
   f - Control Undead                 Necromancy                   4
Miscellaneous
 h - a plain deck of summoning {drawn: 5}
 k - an ornate deck of summoning {drawn: 1}
 x - a plain deck of destruction {drawn: 6}
 z - a plain deck of escape {drawn: 2}
 E - a plain deck of summoning
 J - a plain deck of escape {drawn: 1}
Comestibles
 d - 12 bread rations
 P - 6 meat rations
 R - a beef jerky


   Skills:
 * Level 9.4 Fighting
 + Level 16.0 Axes
 - Level 3.1 Stealth
 - Level 4.0 Shields
 - Level 10.0 Invocations
 - Level 1.0 Evocations


You had 11 spell levels left.
You didn't know any spells.

Dungeon Overview and Level Annotations

Branches:
Dungeon (12/15)            Temple (0/1) D:5            Lair (2/6) D:9
 Spider (0/4) Lair:2          Orc (1/2) D:9
  Swamp: Lair:2-4    Shoals: Lair:2-4

Altars:
Ashenzari
Dithmenos
Fedhas
Hepliaklqana
Kikubaaqudgha
Nemelex Xobeh
Qazlal
Sif Muna
Trog
Uskayaw
Vehumet
Yredelemnul

Shops:
D:10 :

Annotations:
D:12 Rupert
Orc:1 Josephine, Nergalle


Innate Abilities, Weirdness & Mutations

You can spit globs of burning liquid.
You can ignite nearby creatures when you spit burning liquid.
Your weird mottled scales are hard. (AC +8)
You cannot fit into any form of body armour.
You are cold-blooded and may be slowed by cold attacks.


Message History

Rupert hits you with a battleaxe of chopping!
* * * LOW HITPOINT WARNING * * *
x2 Rupert hits your soul eater with a battleaxe of chopping!
The shadow barely misses you.
You riposte.
You slash the shadow!
You destroy the shadow!
Your Axes skill increases to level 16!
You closely miss Rupert.
Your soul eater hits Rupert.
Your soul eater drains Rupert!
Your rakshasa hits Rupert but does no damage.
You slice Rupert!!
Rupert is almost dead.
You block Rupert's attack.
Rupert hits your rakshasa with a battleaxe of chopping.
Rupert barely misses your soul eater.
You slash Rupert!
Rupert looks as sick as possible!
You tail-slap Rupert!
Rupert is almost dead.
Rupert hits you with a battleaxe of chopping!!
* * * LOW HITPOINT WARNING * * *
You die...
Your body glows with a rainbow of weird colours and disappears.

#.# #..# #.# #.##
#####'## #.# ###
#......# #######'##
#.. #......#
#......... #..
#......# ###.........
#.. #......#
#.'........) #..
#......####.#3........
#..
#......'....#@@.......
#..
#......######R........
+.. #......#
#########' #..
###+#### #.. ##+ #. #.
#. #.


You could see Rupert (berserk), a friendly rakshasa and a friendly soul eater.

Vanquished Creatures
  A hydra (Lair:2)
  Pikel (D:7)
  A hill giant (D:12)
  2 ugly things (D:12)
  A moth of wrath (Lair:2)
  A gargoyle (D:10)
  7 spiny frogs
  2 two-headed ogres (D:11)
  The ghost of execc the Sneak, a novice SpGl of Okawaru (D:5)
  A troll (D:12)
  4 hippogriffs
  Sigmund (D:3)
  2 shadows
  2 tarantellas (Lair:2)
  2 redbacks (Lair:2)
  20 yaks
  A basilisk (Lair:1)
  2 hungry ghosts
  A steam dragon (D:9)
  Duvessa (D:4)
  2 porcupines
  4 sky beasts
  13 orc warriors
  3 ice beasts
  2 black bears
  3 ogres
  3 wolves (Lair:1)
  2 phantoms (D:8)
  3 crocodiles
  6 centaurs
  2 big kobolds
  13 bullfrogs
  Dowan (D:4)
  2 scorpions
  3 wights (D:10)
  4 killer bees (D:12)
  3 howler monkeys
  An electric eel (Lair:2)
  2 bullfrog zombies
  3 crimson imps
  8 hounds
  2 centaur skeletons (D:11)
  A gnoll shaman (D:5)
  14 orc priests
  Crazy Yiuf (D:2)
  14 orc wizards
  A bullfrog skeleton (D:7)
  An iguana (D:8)
  Ijyb (D:3)
  Natasha (D:3)
  8 worker ants
  9 gnolls
  10 adders
  3 adder skeletons
  3 worms
  2 dart slugs
  4 leopard geckos
  41 orcs
  6 ball pythons (Sewer)
  8 giant cockroaches
  4 hobgoblins
  6 jackals
  27 kobolds
  4 quokkas
  7 bats
  6 frilled lizards
  2 giant cockroach zombies (D:5)
  13 goblins
  A leopard gecko skeleton (D:5)
  14 rats
  A fungus (Lair:1)
352 creatures vanquished.

Vanquished Creatures (collateral kills)
  2 hill giants
  2 hippogriffs (D:8)
  A wyvern (D:8)
  2 orc warriors
  An eye of draining (D:8)
  A necrophage (D:11)
  An ogre (D:10)
  A bullfrog (D:11)
  A scorpion (D:11)
  An orc wizard (D:7)
  A gnoll shaman (D:7)
  2 gnolls (D:7)
  5 orcs
21 creatures vanquished.

Vanquished Creatures (others)
  A yak (D:9)
  An orc warrior (D:12)
  A slave (D:9)
  A necrophage (D:12)
  2 killer bees (D:12)
  2 orc wizards (D:12)
  A shadow imp (D:5)
  2 ball lightnings
  A fungus (Lair:2)
12 creatures vanquished.

Grand Total: 385 creatures vanquished

Notes
Turn   | Place    | Note
-------+----------+-------------------------------------------
     0 | D:1      | eeldvark the Draconian Wanderer began the quest for the Orb.
     0 | D:1      | eeldvark set off with: a +2 hand axe, a potion of curing, a wand of random effects (15/48), a bread ration
     0 | D:1      | Reached XP level 1. HP: 25/25 MP: 1/1
    68 | D:1      | Reached XP level 2. HP: 30/31 MP: 2/2
   130 | D:1      | You fall through a shaft!
   212 | D:2      | Reached skill level 3 in Axes
   243 | D:1      | Reached XP level 3. HP: 13/38 MP: 3/3
  1101 | D:2      | Reached XP level 4. HP: 43/45 MP: 4/4
  1304 | D:2      | Found a runed door.
  1346 | D:2      | Found a sparkling altar of Nemelex Xobeh.
  1346 | D:2      | Found a bloodstained altar of Trog.
  1348 | D:2      | Found a hazy altar of Hepliaklqana.
  1424 | D:2      | Reached skill level 4 in Axes
  1716 | D:2      | Noticed Crazy Yiuf
  1722 | D:2      | Killed Crazy Yiuf
  1949 | D:3      | Noticed Ijyb
  1950 | D:3      | Noticed Natasha
  1952 | D:3      | Killed Ijyb
  1952 | D:3      | Reached skill level 5 in Axes
  1952 | D:3      | Reached XP level 5. HP: 48/52 MP: 5/5
  1956 | D:3      | Killed Natasha
  2035 | D:3      | Found a stormy altar of Qazlal.
  2038 | D:3      | Found an ancient bone altar of Kikubaaqudgha.
  2039 | D:3      | Found a deep blue altar of Sif Muna.
  2041 | D:3      | Found a radiant altar of Vehumet.
  2496 | D:2      | Became a worshipper of Nemelex Xobeh the Trickster
  2565 | D:3      | Noticed Sigmund
  2577 | D:3      | Killed Sigmund
  2577 | D:3      | Reached skill level 6 in Axes
  2577 | D:3      | Reached skill level 1 in Invocations
  2577 | D:3      | Reached XP level 6. HP: 52/60 MP: 5/7
  2656 | D:3      | Found a basalt altar of Yredelemnul.
  2659 | D:3      | Found a hide-covered altar of Uskayaw.
  2662 | D:3      | Found a blossoming altar of Fedhas.
  2764 | D:3      | Received a gift from Nemelex Xobeh
  3105 | D:4      | Your scales start taking on a weird mottled colour.
  3105 | D:4      | Reached XP level 7. HP: 64/66 MP: 8/8
  3581 | D:4      | Reached * piety under Nemelex Xobeh
  3820 | D:4      | Noticed Duvessa
  3820 | D:4      | Noticed Dowan
  3832 | D:4      | Killed Duvessa
  3832 | D:4      | Reached skill level 7 in Axes
  3834 | D:4      | Killed Dowan
  3938 | D:5      | Entered Level 5 of the Dungeon
  3974 | D:5      | Reached XP level 8. HP: 71/73 MP: 11/11
  4001 | D:5      | Reached skill level 5 in Invocations
  4008 | D:5      | Found a shadowy altar of Dithmenos.
  4169 | D:5      | Found a staircase to the Ecumenical Temple.
  4239 | D:5      | Noticed execc's ghost (novice SpGl)
  4245 | D:5      | Killed execc's ghost
  4245 | D:5      | Reached skill level 8 in Axes
  4367 | D:5      | Received a gift from Nemelex Xobeh
  4405 | D:5      | Found a glowing drain.
  4410 | Sewer    | Entered a sewer
  5033 | D:6      | Found a shattered altar of Ashenzari.
  5090 | D:6      | Reached XP level 9. HP: 57/79 MP: 13/15
  5153 | D:6      | Reached ** piety under Nemelex Xobeh
  5317 | D:6      | Received a gift from Nemelex Xobeh
  5323 | D:6      | Got a pair of twisted gloves
  5356 | D:6      | Identified the +1 pair of gloves of Spring {rC++ Regen+ Str-3 SInv} (You found it on level 6 of the Dungeon)
  6137 | D:7      | Noticed Pikel
  6141 | D:7      | Reached skill level 9 in Axes
  6147 | D:7      | Killed Pikel
  6282 | D:8      | Reached skill level 10 in Invocations
  6358 | D:8      | Received a gift from Nemelex Xobeh
  6411 | D:8      | Reached skill level 10 in Axes
  6429 | D:8      | Reached XP level 10. HP: 48/86 MP: 11/17
  7376 | D:9      | Reached skill level 11 in Axes
  7436 | D:9      | Reached *** piety under Nemelex Xobeh
  7466 | D:9      | Found a staircase to the Lair.
  7765 | D:9      | Reached skill level 12 in Axes
  7937 | D:9      | You fall through a shaft for 3 floors!
  8030 | D:10     | Entered Level 10 of the Dungeon
  8535 | D:9      | Reached skill level 13 in Axes
  8578 | D:9      | Reached XP level 11. HP: 40/92 MP: 18/18
  8780 | D:9      | Found a staircase to the Orcish Mines.
  8848 | Lair:1   | Entered Level 1 of the Lair of Beasts
  9412 | Lair:1   | Reached skill level 14 in Axes
  9575 | Lair:1   | Received a gift from Nemelex Xobeh
  9940 | Lair:2   | Reached **** piety under Nemelex Xobeh
  9949 | Lair:2   | Got a transparent trident
  9950 | Lair:2   | Identified the +7 trident of Symmetry {freeze, Int+2} (You found it on level 2 of the Lair of Beasts)
  9994 | Lair:2   | Noticed a seven-headed hydra
 10002 | Lair:2   | Killed a four-headed hydra
 10002 | Lair:2   | Reached skill level 15 in Axes
 10138 | Lair:2   | Found a hole to the Spider Nest.
 10476 | Lair:2   | Received a gift from Nemelex Xobeh
 11563 | Orc:1    | Entered Level 1 of the Orcish Mines
 11563 | Orc:1    | Noticed Josephine
 11563 | Orc:1    | Noticed Nergalle
 11563 | Orc:1    | Noticed an orc sorcerer
 11673 | D:10     | Received a gift from Nemelex Xobeh
 11688 | D:10     | Reached skill level 1 in Shields
 11706 | D:10     | Noticed a hill giant
 11713 | D:10     | Killed a hill giant
 11947 | D:10     | Found Ycrakiw's Book Shoppe.
 12216 | D:11     | Noticed a hill giant
 12223 | D:11     | Killed a hill giant
 12223 | D:11     | Reached XP level 12. HP: 101/101 MP: 19/19
 12611 | D:11     | Reached ***** piety under Nemelex Xobeh
 12746 | D:11     | Received a gift from Nemelex Xobeh
 13628 | D:12     | Noticed Rupert
 13629 | D:12     | Paralysed by Rupert for 7 turns
 13643 | D:12     | Reached skill level 16 in Axes
 13645 | D:12     | HP: 2/105 [Rupert/battleaxe of chopping (29)]
 13645 | D:12     | Mangled by Rupert

Skill      XL: |  1  2  3  4  5  6  7  8  9 10 11 12 |
---------------+-------------------------------------+-----
Axes           | 3 5 6 7 8 10 13 15 16 | 16.0
Fighting       | 7 8 9 |  9.4
Stealth        | 2 3 |  3.1
Invocations    | 1 4 8 10 | 10.0
Shields        | 2 4 |  4.0
Evocations     | |  1.0

Action                   |  1- 3 |  4- 6 |  7- 9 | 10-12 || total
-------------------------+-------+-------+-------+-------++-------
Melee: Hand axe          |   111 |   101 |   238 |    86 ||   536
       Tailslap          |     7 |    14 |    46 |    74 ||   141
       War axe           |       |       |       |   304 ||   304
Throw: Throwing net      |       |       |       |     2 ||     2
Invok: Triple Draw       |       |       |       |     1 ||     1
 Abil: Breathe Sticky Fl |       |       |     5 |     5 ||    10
Evoke: Wand              |       |     1 |       |       ||     1
       Deck              |       |       |     2 |    19 ||    21
  Use: Scroll            |       |     4 |    11 |    14 ||    29
       Potion            |       |       |     1 |     8 ||     9
 Stab: Sleeping          |     2 |     1 |     9 |    12 ||    24
       Distracted        |       |       |       |     2 ||     2
  Eat: Chunk             |       |     7 |    12 |    29 ||    48
       Pizza             |       |       |     1 |       ||     1
Armor: Skin              |    33 |    35 |    76 |   125 ||   269
Dodge: Dodged            |    62 |    36 |   115 |   144 ||   357
Block: Buckler           |       |       |       |    15 ||    15
       Rpst.: Hand axe   |       |       |    22 |    10 ||    32
       War axe           |       |       |       |    35 ||    35
